 Dungeon Crawl Stone Soup version 0.31-a0-924-ge39a22a033 (webtiles) character file.

Game seed: 11667098479475181415

325 Pixllover the Digger (level 6, -1/35 HPs)
             Began as a Gargoyle Earth Elementalist on Oct 18, 2023.
             Slain by a hell rat (3 damage)
             ... in a sewer.
             The game lasted 00:10:31 (4258 turns).

Pixllover the Digger (Gargoyle Earth Elementalist)  Turns: 4258, Time: 00:10:32

Health: -1/35      AC:  7    Str: 18    XL:     6   Next: 48%
Magic:  4/12       EV: 12    Int: 17    God:
Gold:   135        SH:  0    Dex: 10    Spells: 7/13 levels left

rFire   . . .        b - +0 war axe
rCold   . . .        (no shield)
rNeg    + . .        m - +0 robe
rPois   ∞            g - +0 helmet
rElec   +            (no cloak)
rCorr   .            (no gloves)
SInv    .            (no boots)
Will    .....        (no amulet)
Stlth   +            k - +6 ring of strength
HPRegen 0.25/turn    (no ring)
MPRegen 0.13/turn

%: no passive effects
@: very slow
A: sickness immunity, AC +4, negative energy resistance 1, electricity
resistance, torment resistance 1, petrification resistance
a: no special abilities


You were in a sewer.
You visited 1 branch of the dungeon, and saw 4 of its levels.
You also visited: Sewer.

You collected 200 gold pieces.
You spent 65 gold pieces at shops.

Inventory:

Hand Weapons
 b - a +0 war axe (weapon)
Missiles
 i - 3 javelins (quivered)
 p - 3 silver javelins
Armour
 g - a +0 helmet (worn)
 m - a +0 robe (worn)
Magical Staves
 a - a staff of earth
Jewellery
 k - a +6 ring of strength (left hand)
Scrolls
 c - 2 scrolls of teleportation
 e - 5 scrolls of identify
 j - a scroll of immolation {unknown}
Potions
 d - a potion of curing {unknown}
 f - a potion of magic
 l - a potion of attraction {unknown}
 o - a potion of brilliance {unknown}


   Skills:
 * Level 2.3 Fighting
 + Level 0.4 Axes
 + Level 1.7 Dodging
 + Level 2.3 Stealth
 + Level 4.2 Spellcasting
 + Level 0.7 Transmutations
 + Level 5.9 Earth Magic


You had 7 spell levels left.
You knew the following spells:

 Your Spells              Type           Power      Damage    Failure   Level
a - Sandblast             Erth           46%        2d11      1%          1
b - Passwall              Tmut/Erth      11%        N/A       6%          2
c - Stone Arrow           Conj/Erth      26%        3d8       14%         3

Your spell library contained the following spells:

 Spells                   Type           Power      Damage    Failure   Level
 Apportation              Tloc           6%         N/A       16%         1
 Magic Dart               Conj           12%        1d3       16%         1
 Necrotise                Necr           12%        1d4       16%         1
 Summon Small Mammal      Summ           12%        N/A       16%         1
 Searing Ray              Conj           6%         2d4       24%         2
 Petrify                  Tmut/Erth      14%        N/A       36%         4
 Brom's Barrelling Bould  Conj/Erth      13%        2d4       41%         4
 Inner Flame              Hex/Fire       3%         N/A       43%         3
 Summon Guardian Golem    Hex/Summ       3%         N/A       43%         3
 Fulminant Prism          Conj/Hex       1%         3d5       83%         4
 Yara's Violent Unravell  Hex/Tmut       2%         3d3       98%         5
 Enfeeble                 Hex            1%         N/A       100%        7
 Orb of Destruction       Conj           1%         9d5       100%        7
 Spellforged Servitor     Conj/Summ      1%         N/A       100%        7


Dungeon Overview and Level Annotations

Branches:
Dungeon (4/15)              Sewer (1/1)
 Temple: D:4-7

Altars:
Ashenzari
Elyvilon
Kikubaaqudgha
Ru
Zin

Shops:
D:1 =   D:3 !=


Innate Abilities, Weirdness & Mutations

You are immune to sickness and miasma.
Your stone body is resilient. (AC +4)
You are immune to poison.
You resist negative energy. (rN+)
You are resistant to electric shocks. (rElec)
You are resistant to unholy torment.
You are immune to petrification.


Message History

* * * LOW HITPOINT WARNING * * *
You feel much better. The hell rat misses you. The hell rat bites you!
Casting: Sandblast (safe; 1% risk of failure)
Confirm with . or Enter, or press ? or * to list all spells.
Aiming: Sandblast (safe; 1% risk of failure)
Press: ? - help, Shift-Dir - straight line, f/p - hell rat
Aim: a hell rat (lightly wounded, 83% to hit)
The blast of sand hits the hell rat but does no damage.
The hell rat is lightly wounded.
The hell rat bites you. The hell rat barely misses you.
Casting: Sandblast (safe; 1% risk of failure)
Confirm with . or Enter, or press ? or * to list all spells.
Aiming: Sandblast (safe; 1% risk of failure)
Press: ? - help, Shift-Dir - straight line, f/p - hell rat
Aim: a hell rat (lightly wounded, 83% to hit)
The blast of sand hits the hell rat but does no damage.
The hell rat is lightly wounded.
The hell rat barely misses you. The hell rat closely misses you.
Casting: Sandblast (safe; 1% risk of failure)
Confirm with . or Enter, or press ? or * to list all spells.
Aiming: Sandblast (safe; 1% risk of failure)
Press: ? - help, Shift-Dir - straight line, f/p - hell rat
Aim: a hell rat (lightly wounded, 83% to hit)
The blast of sand hits the hell rat but does no damage.
The hell rat is lightly wounded.
The hell rat bites you!
* * * LOW HITPOINT WARNING * * *
The hell rat barely misses you.
As you read the scroll labelled BAINNA OVYGI, it crumbles to dust.
You feel aware of your surroundings.
It was a scroll of revelation.
The hell rat barely misses you.
Unknown command.
As you read the scroll labelled YRUTOC NIWKI, it dissolves into smoke.
It was a scroll of fog.
The hell rat completely misses you.
The hell rat bites you but does no damage.
The hell rat bites you.
* * * LOW HITPOINT WARNING * * *
The hell rat bites you.
You die...

###############
###############
###############
###############
###############
###############
#####§§§§..~###
###§§§§§§~~.~~###
#.§§@r##§##~~~..#
##~~~###~~~###†~~##
#~.~##~~~~~~~##~~.#
#...#~~~~~~~~.#~.~#
#~.~##.!?(?!~##~..#
##.~~###?∩!###..~##
#~~~~~#####.†..~#
###.~..~∩~.~.~###
###.~.∩~~~###


You could see a hell rat.

Vanquished Creatures
  A hound (D:4)
  2 orc priests (D:3)
  Natasha (thrice) (D:2)
  5 adders
  A river rat (Sewer)
  5 worms
  A dart slug (D:2)
  9 orcs (D:3)
  5 ball pythons
  7 bats
  10 endoplasms
  A giant cockroach (D:3)
  7 goblins
  5 hobgoblins
  5 quokkas
  6 frilled lizards
  6 kobolds
  10 rats
89 creatures vanquished.

Notes
Turn   | Place    | Note
-------+----------+-------------------------------------------
     0 | D:1      | Pixllover the Gargoyle Earth Elementalist began the quest
                  | for the Orb.
     0 | D:1      | Reached XP level 1. HP: 10/10 MP: 3/3
   103 | D:1      | Reached skill level 4 in Earth Magic
   157 | D:1      | Reached XP level 2. HP: 15/15 MP: 3/5
   748 | D:1      | Found Xevey's Jewellery Emporium.
  1110 | D:2      | Reached XP level 3. HP: 19/19 MP: 2/6
  1354 | D:2      | Found a faded altar of an unknown god.
  1511 | D:2      | Noticed Natasha
  1637 | D:2      | Learned a level 2 spell: Passwall
  1774 | D:2      | Found an ancient bone altar of Kikubaaqudgha.
  2058 | D:2      | Found a faded altar of an unknown god.
  2124 | D:2      | Killed Natasha
  2125 | D:2      | Reached XP level 4. HP: 18/24 MP: 4/8
  2193 | D:2      | Noticed Natasha
  2196 | D:2      | Killed Natasha
  2197 | D:2      | Reached skill level 1 in Fighting
  2197 | D:2      | Reached skill level 5 in Earth Magic
  2293 | D:2      | Noticed Natasha
  2323 | D:2      | Killed Natasha
  2324 | D:2      | Reached XP level 5. HP: 26/29 MP: 4/10
  2518 | D:2      | Found an ancient bone altar of Kikubaaqudgha.
  2827 | D:3      | Found Jeasab's Jewellery Emporium.
  2842 | D:3      | Found a glowing silver altar of Zin.
  3334 | D:3      | Found a white marble altar of Elyvilon.
  3334 | D:3      | Found a sacrificial altar of Ru.
  3349 | D:3      | Reached XP level 6. HP: 35/35 MP: 6/12
  3414 | D:3      | Found Josaolue's Distillery.
  3432 | D:3      | Bought a potion of heal wounds for 65 gold pieces
  3829 | D:4      | Found a broken altar of Ashenzari.
  4154 | D:4      | Found a glowing drain.
  4163 | Sewer    | Entered a sewer
  4174 | Sewer    | Learned a level 3 spell: Stone Arrow
  4253 | Sewer    | HP: 1/35 [hell rat (14)]
  4258 | Sewer    | Slain by a hell rat

Illustrated notes

Levels and vault maps discovered:
D:1:      lightli_arrival_statuegarden, layout_basic, serial_shops, shop
D:2:      layout_loops_ring, basic_altar, shapermc_ecumenical_altar_ellora,
          uniq_natasha
D:3:      layout_loops_corners, mainiacjoe_overflow_small_starburst,
          nicolae_overflow_squiral, serial_shops, shop, shop, st_stairs_10
D:4:      layout_basic, old_standard_altar, portal_sewer_entry_d
Sewer:    sewer_hellmonk_bad_rat

Skill      XL: |  1  2  3  4  5 |
---------------+----------------+-----
Earth Magic    | 4 5 |  5.9
Spellcasting   | 3 4 |  4.2
Fighting       | 1 2 |  2.3
Axes           | |  0.4
Dodging        | |  1.7
Stealth        | |  2.3
Transmutations | |  0.7

Action                     |  1- 3 |  4- 6 || total
---------------------------+-------+-------++-------
  Melee: Unarmed           |     3 |       ||     3
         Hand axe          |     9 |     4 ||    13
         Staff             |       |     2 ||     2
         War axe           |       |    45 ||    45
   Cast: Sandblast         |    51 |    71 ||   122
    Use: Scroll            |     2 |     2 ||     4
         Potion            |       |     1 ||     1
 Armour: Robe              |    27 |    62 ||    89
  Dodge: Dodged            |    16 |    66 ||    82

Table legend: (Time is in decaauts)
 A = Elapsed time spent in this place.
 B = Non-inter-level travel time spent in this place.
 C = Inter-level travel time spent in this place.
 D = Time resting spent in this place.
 E = Time spent auto-exploring this place.
 F = Levels seen in this place.
 G = Mean time per level.
                   A        B        C        D        E       F      G
               +--------+--------+--------+--------+--------+-----+--------+
         Total |   4360 |   4219 |    141 |    213 |   2870 |   5 |  872.0 |
       Dungeon |   4230 |   4089 |    141 |    213 |   2846 |   4 | 1057.5 |
         Sewer |    130 |    130 |      0 |      0 |     24 |   1 |  130.0 |
               +--------+--------+--------+--------+--------+-----+--------+

Top non-repeatable levels by time:
     D:2: 1628 daAuts
     D:3: 1169 daAuts
     D:1: 1073 daAuts
     D:4: 359 daAuts
   Sewer: 130 daAuts
